 Dungeon Crawl Stone Soup version 0.30-a0-509-gd016549fea (webtiles) character file.

Game seed: 7697550247166178500

26171 Borgoz the Fighter (level 13, -3/87 HPs)
             Began as a Gargoyle Berserker on Dec 22, 2022.
             Was a High Priest of Trog.
             Slain by a centaur warrior simulacrum (14 damage)
             ... on level 14 of the Dungeon.
             The game lasted 00:19:44 (12439 turns).

Borgoz the Fighter (Gargoyle Berserker)            Turns: 12439, Time: 00:19:44

Health: -3/87      AC: 29    Str: 30    XL:     13   Next: 24%
Magic:  13/13      EV: 18    Int:  9    God:    Trog [*****.]
Gold:   804        SH:  0    Dex: 13    Spells: 12/12 levels left

rFire   . . .      SeeInvis .    U - +6 great mace (vorpal)
rCold   . . .      Faith    .    (shield currently unavailable)
rNeg    + . .      Spirit   .    z - +7 scale mail of Tisa {Str+3}
rPois   ∞          Reflect  .    (no helmet)
rElec   +          Harm     .    x - +0 cloak
rCorr   .          Rampage  .    (no gloves)
Will    .....                    f - +0 pair of boots
Stlth   ..........               N - amulet of regeneration
HPRegen 1.14/turn                q - +6 ring of strength
MPRegen 0.13/turn                u - +4 ring of evasion

@: about to teleport
A: sickness immunity, AC +9, negative energy resistance 1, electricity
resistance, torment resistance 1, petrification resistance
a: Renounce Religion, Berserk, Trog's Hand, Brothers in Arms


You were on level 14 of the Dungeon.
You worshipped Trog.
Trog was extremely pleased with you.
You visited 2 branches of the dungeon, and saw 15 of its levels.
You also visited: Ossuary and Bailey.

You collected 1085 gold pieces.
You spent 281 gold pieces at shops.

Inventory:

Hand Weapons
 p - a +2 vorpal dire flail
 U - a +6 vorpal great mace (weapon)
Missiles
 l - 2 throwing nets (quivered)
Armour
 f - a +0 pair of boots (worn)
 x - a +0 cloak (worn)
 z - the +7 scale mail of Tisa (worn) {Str+3}
   (You found it on level 8 of the Dungeon)

   Str:       It affects your strength (+3).
 F - +1 acid dragon scales
 K - a +2 plate armour of fire resistance
 L - the +0 pair of gloves "Pihun" {rN+++ Str+2 Dex-5}
   (You found it in a bailey)

   Str:       It affects your strength (+2).
   Dex:       It affects your dexterity (-5).
   rN:        It renders you almost immune to negative energy.
 Y - a +0 kite shield of protection
Jewellery
 q - a +6 ring of strength (left hand)
 u - a +4 ring of evasion (right hand)
 E - a +6 ring of strength
 N - an amulet of regeneration (around neck)
 T - a ring of magical power
 V - a +6 ring of dexterity
 W - a +6 ring of dexterity
Wands
 j - a wand of flame (19)
 m - a wand of paralysis (9)
 v - a wand of roots (7)
 w - a wand of quicksilver (16)
 G - a wand of polymorph (3)
Scrolls
 e - 3 scrolls of magic mapping
 g - 2 scrolls of enchant armour {unknown}
 h - 2 scrolls of torment {unknown}
 i - a scroll of silence {unknown}
 k - 3 scrolls of vulnerability
 n - 2 scrolls of brand weapon {unknown}
 o - a scroll of poison
 r - 4 scrolls of amnesia {unknown}
 y - a scroll of blinking
 A - 5 scrolls of teleportation
 I - 3 scrolls of fear
 J - a scroll of noise {unknown}
 M - a scroll of enchant weapon {unknown}
 R - 2 scrolls of fog {unknown}
 S - 2 scrolls of identify
 X - a scroll of acquirement {unknown}
Potions
 a - 8 potions of curing
 b - 4 potions of attraction
 c - 3 potions of mutation
 d - 4 potions of flight
 s - 2 potions of heal wounds
 t - 5 potions of lignification
 B - 2 potions of haste
 C - a potion of magic
 D - 5 potions of berserk rage
 H - 2 potions of cancellation
 O - a potion of ambrosia {unknown}
 P - 2 potions of might {unknown}
 Q - a potion of degeneration {unknown}


   Skills:
 + Level 12.6 Fighting
 + Level 11.6 Maces & Flails
 + Level 12.3 Armour
 + Level 9.6 Dodging


You had 12 spell levels left.
You didn't know any spells.
Your spell library was empty.

Dungeon Overview and Level Annotations

Branches:
Dungeon (14/15)            Temple (1/1) D:5            Lair (0/5) D:10
    Orc (0/2) D:10        Ossuary (visited)          Bailey (visited)
 Vaults: D:13-14

Altars:
Ashenzari
Cheibriados
Dithmenos
Elyvilon
Fedhas
Gozag
Hepliaklqana
Kikubaaqudgha
Makhleb
Nemelex Xobeh
Okawaru
Qazlal
Ru
Sif Muna
Trog
Uskayaw
Vehumet
Wu Jian
Xom
Yredelemnul
Zin
The Shining One

Shops:
D:3 [   D:4 *   D:7 ?*   D:9 *

Annotations:
D:9 3 runed translucent doors, Sapher's ghost, novice DEEE
D:12 3 runed translucent doors


Innate Abilities, Weirdness & Mutations

You are immune to sickness and miasma.
Your stone body is resilient. (AC +9)
You are immune to poison.
You resist negative energy. (rN+)
You are resistant to electric shocks. (rElec)
You are resistant to unholy torment.
You are immune to petrification.


Message History

The meliai buzzes angrily.
A meliai comes into view. It is wielding a +0 war axe.
The meliai buzzes angrily.
The centaur warrior simulacrum hits you.
The centaur warrior simulacrum freezes you!!
The centaur warrior simulacrum kicks you but does no damage.
The meliai calls down the wrath of its god upon you.
Something smites you!
A meliai comes into view. It is wielding a +0 war axe.
You are too injured to fight recklessly!
You are too injured to fight recklessly!
You are too injured to fight recklessly!
You are too injured to fight recklessly!
The air fills with toxic fumes!
As you read the scroll of poison, it crumbles to dust.
The centaur warrior simulacrum hits you but does no damage.
The centaur warrior simulacrum misses you.
Okay, then.
As you read the scroll labelled EHEILIMY OTAMY, it crumbles to dust.
You feel strangely unstable.
It was a scroll of teleportation.
The centaur warrior simulacrum hits you but does no damage.
The centaur warrior simulacrum kicks you but does no damage.
The meliai calls down the wrath of its god upon you.
Something smites you!
The meliai calls down the wrath of its god upon you.
Something smites you!
* * * LOW HITPOINT WARNING * * *
The centaur warrior simulacrum misses you.
The centaur warrior simulacrum kicks you but does no damage.
The centaur warrior simulacrum attacks as you move away!
The centaur warrior simulacrum completely misses you.
The centaur warrior simulacrum barely misses you.
The meliai mumbles some strange prayers to its god against you.
Something smites you!
* * * LOW HITPOINT WARNING * * *
The centaur warrior simulacrum attacks as you move away!
The centaur warrior simulacrum hits you.
* * * LOW HITPOINT WARNING * * *
The centaur warrior simulacrum freezes you!
You die...

#. #.# #.# ##.#
..# #.#
#§######§§y
#§@Z.§yy§§.
#§#####§§§. #.# .
#.# #.#
#######.########
#...............
#######.########.#
#.# #.# #.# #.#


You could see 2 meliai and a centaur warrior simulacrum.

Vanquished Creatures
  Rupert (D:13)
  A hydra (D:13)
  Erolcha (D:9)
  2 centaur warriors
  2 two-headed ogres
  Erica (D:9)
  A boulder beetle (D:13)
  A tengu warrior (D:13)
  5 skeletal warriors
  An obsidian statue (D:12)
  A deep elf pyromancer (D:12)
  An ugly thing (D:13)
  A manticore (D:12)
  3 gargoyles
  Maggie (D:6)
  2 komodo dragons (D:13)
  4 kobold demonologists
  A yaktaur (D:13)
  2 trolls
  Prince Ribbit (D:6)
  7 slime creatures
  2 hornets
  Sigmund (D:3)
  3 shadows
  3 wraiths
  A water elemental (D:14)
  A wyvern (D:9)
  10 yaks
  3 steam dragons
  Edmund (D:4)
  A water moccasin (D:6)
  8 orc warriors
  Duvessa (D:5)
  3 ice beasts
  A black bear (D:5)
  An ogre (D:7)
  4 centaurs
  4 kobold brigands
  2 phantoms
  5 bullfrogs
  2 necrophages (D:6)
  A gnoll sergeant (D:11)
  2 scorpions (D:5)
  3 wights (D:7)
  Dowan (D:5)
  15 killer bees
  3 electric eels
  3 howler monkeys
  7 crimson imps (D:8)
  3 jellies
  A hound (D:5)
  7 orc priests
  A gnoll bouda (D:5)
  Crazy Yiuf (D:5)
  3 iguanas
  13 orc wizards
  3 mummies (Ossuary)
  6 adders
  21 gnolls
  3 white imps
  A worm (D:5)
  2 dart slugs
  63 orcs
  10 endoplasms
  3 giant cockroaches
  9 goblins
  A hobgoblin (D:4)
  3 quokkas
  6 ball pythons
  9 bats
  3 frilled lizards
  4 goblin zombies (Ossuary)
  A hobgoblin zombie (Ossuary)
  14 kobolds
  A kobold zombie (Ossuary)
  3 rats
327 creatures vanquished.

Vanquished Creatures (collateral kills)
  2 orc knights (Bailey)
  2 orc warriors (Bailey)
4 creatures vanquished.

Vanquished Creatures (others)
  A black bear (D:6)
  A shadow imp (D:6)
  A kobold (D:12)
  3 plants (D:6)
  6 withered plants (D:6)
12 creatures vanquished.

Grand Total: 343 creatures vanquished

Notes
Turn   | Place    | Note
-------+----------+-------------------------------------------
     0 | D:1      | Borgoz the Gargoyle Berserker began the quest for the Orb.
     0 | D:1      | Reached XP level 1. HP: 14/14 MP: 1/1
   367 | D:1      | Reached XP level 2. HP: 19/19 MP: 2/2
   913 | D:2      | Reached XP level 3. HP: 19/24 MP: 3/3
  1019 | D:2      | Reached XP level 4. HP: 29/29 MP: 4/4
  1624 | D:3      | Reached XP level 5. HP: 31/33 MP: 5/5
  1652 | D:3      | Reached ** piety under Trog
  1774 | D:3      | Found Majy's Armour Emporium.
  2231 | D:3      | Found a stormy altar of Qazlal.
  2234 | D:3      | Noticed a water elemental
  2234 | D:3      | Noticed a fire elemental
  2234 | D:3      | Noticed an air elemental
  2305 | D:3      | Reached XP level 6. HP: 39/39 MP: 6/6
  2327 | D:3      | Found a bloodstained altar of Trog.
  2327 | D:3      | Found a hazy altar of Hepliaklqana.
  2523 | D:3      | Noticed Sigmund
  2548 | D:3      | Killed Sigmund
  2705 | D:4      | Noticed Edmund
  2726 | D:4      | Killed Edmund
  2727 | D:4      | Reached skill level 5 in Fighting
  2727 | D:4      | Reached XP level 7. HP: 44/44 MP: 7/7
  3067 | D:4      | Found Ihevaeb's General Store.
  3172 | D:4      | Identified the +3 falchion of the End {venom, Int+4}
  3323 | D:4      | Found a burning altar of Makhleb.
  3359 | D:5      | Entered Level 5 of the Dungeon
  3396 | D:5      | Noticed a wraith
  3410 | D:5      | Killed a wraith
  3411 | D:5      | Reached skill level 5 in Maces & Flails
  3411 | D:5      | Reached skill level 5 in Armour
  3417 | D:5      | Reached XP level 8. HP: 27/51 MP: 8/8
  3476 | D:5      | Noticed Dowan
  3476 | D:5      | Noticed Duvessa
  3622 | D:5      | Killed Duvessa
  3627 | D:5      | Killed Dowan
  4002 | D:5      | Found a runed translucent door.
  4003 | D:5      | Noticed Crazy Yiuf
  4008 | D:5      | Killed Crazy Yiuf
  4062 | D:5      | Noticed a yak
  4443 | D:5      | Found a staircase to the Ecumenical Temple.
  4603 | Temple   | Entered the Ecumenical Temple
  4915 | D:6      | Reached XP level 9. HP: 57/57 MP: 9/9
  4989 | D:6      | Reached skill level 5 in Dodging
  5000 | D:6      | Found a blossoming altar of Fedhas.
  5000 | D:6      | Found an ancient bone altar of Kikubaaqudgha.
  5103 | D:6      | Found a sand-covered staircase.
  5112 | Ossuary  | Entered an ossuary
  5414 | Ossuary  | Reached *** piety under Trog
  5635 | D:6      | Noticed Prince Ribbit
  5658 | D:6      | Killed Prince Ribbit
  5775 | D:6      | Identified the +0 buckler of Least Resistance {Will+
                  | Stlth+}
  5813 | D:6      | Noticed Maggie
  5829 | D:6      | Killed Maggie
  6451 | D:7      | Reached XP level 10. HP: 62/64 MP: 10/10
  6474 | D:7      | Found Cied's Magic Scroll Boutique.
  6474 | D:7      | Found Saisoliref's Assorted Antiques.
  6497 | D:7      | Bought a scroll of identify for 30 gold pieces
  6497 | D:7      | Bought a scroll of identify for 30 gold pieces
  6497 | D:7      | Bought a scroll of blinking for 112 gold pieces
  6883 | D:7      | Bought a scroll of identify for 56 gold pieces
  6883 | D:7      | Bought a murky white potion for 25 gold pieces
  6883 | D:7      | Bought a scroll labelled IPROCI WYFA for 28 gold pieces
  7150 | D:8      | Noticed a two-headed ogre
  7160 | D:8      | Killed a two-headed ogre
  7543 | D:8      | Identified the +7 scale mail of Tisa {Str+3}
  7738 | D:8      | Reached **** piety under Trog
  7896 | D:9      | Found a runed translucent gate.
  7896 | D:9      | Found a runed translucent gate.
  7896 | D:9      | Found a runed translucent gate.
  7898 | D:9      | Found an opulent altar of Gozag.
  7900 | D:9      | Noticed a cyan ugly thing
  7900 | D:9      | Noticed a two-headed ogre
  7900 | D:9      | Noticed Sapher's ghost (novice DEEE)
  7901 | D:9      | Found Ruxas's Assorted Antiques.
  7962 | D:9      | Noticed Erolcha
  7999 | D:9      | Killed Erolcha
  8000 | D:9      | Reached XP level 11. HP: 61/72 MP: 11/11
  8015 | D:9      | Found a flagged portal.
  8079 | Bailey   | Entered a bailey
  8157 | Bailey   | Noticed an orc knight
  8262 | Bailey   | Killed an orc knight
  8280 | Bailey   | Noticed an orc knight
  8289 | Bailey   | Killed an orc knight
  8290 | Bailey   | Reached skill level 10 in Fighting
  8409 | Bailey   | Identified the +0 pair of gloves "Pihun" {rN+++ Str+2
                  | Dex-5}
  8609 | D:9      | Noticed Erica
  8632 | D:9      | Killed Erica
  9031 | D:9      | Found a broken altar of Ashenzari.
  9082 | D:9      | Reached skill level 10 in Armour
  9318 | D:10     | Entered Level 10 of the Dungeon
  9518 | D:10     | Identified the +2 robe of the Three Thickets {*Slow rCorr
                  | SInv}
  9817 | D:10     | Reached ***** piety under Trog
 10007 | D:10     | Found a staircase to the Orcish Mines.
 10201 | D:10     | Found a staircase to the Lair.
 10918 | D:12     | Noticed a two-headed ogre
 10924 | D:12     | Killed a two-headed ogre
 10925 | D:12     | Reached skill level 10 in Maces & Flails
 10929 | D:12     | Reached XP level 12. HP: 64/80 MP: 12/12
 10979 | D:12     | Found a runed translucent door.
 10999 | D:12     | Found a runed translucent door.
 11023 | D:12     | Found a runed translucent door.
 11035 | D:12     | Found a runed translucent door.
 11054 | D:12     | Received a gift from Trog
 11094 | D:12     | Noticed a sun demon
 11545 | D:13     | Noticed a boulder beetle
 11563 | D:13     | Killed a boulder beetle
 11574 | D:13     | Noticed Rupert
 11576 | D:13     | Paralysed by Rupert for 3 turns
 11600 | D:13     | Killed Rupert
 11683 | D:13     | Noticed a five-headed hydra
 11692 | D:13     | Killed a five-headed hydra
 11729 | D:13     | HP: 4/81 [skeletal warrior/+0 broad axe (1)]
 11921 | D:13     | Reached XP level 13. HP: 79/86 MP: 13/13
 12439 | D:14     | Slain by a centaur warrior simulacrum

Illustrated notes

Levels and vault maps discovered:
D:1:      lemuel_arrival_cross, layout_basic
D:2:      layout_loops_ring, minmay_fountain_box, grunt_ministairs_14
D:3:      layout_basic, nicolae_overflow_two_pavilions,
          nicolae_qazlal_style_of_elements, serial_shops,
          nicolae_lakefront_shop, uniq_sigmund
D:4:      layout_loops_ring, lightli_temple_of_fire, serial_shops,
          shop_fountains, uniq_edmund
D:5:      layout_cave_pods, minmay_temple_entry_nine_rooms,
          lightli_corner_chamber, uniq_duvessa, uniq_crazy_yiuf_cottage
D:6:      layout_basic, grunt_temple_overflow_growth_and_decay,
          chequers_ossuary_entry_cave, lemuel_flamethrower_2,
          uniq_prince_ribbit1, uniq_maggie
D:7:      layout_basic, nicolae_wooded_promenade
D:8:      layout_rooms, minmay_nine_imps
D:9:      layout_cave_pods, general_overflow_altar,
          lightli_bailey_entry_fortress, ebering_ghost_gozag, minivault_23,
          uniq_erolcha, uniq_erica
D:10:     layout_stronghold, lair_entry_dummy, david_orc_4, nrook_pool_corridor,
          billiards_dpeg
D:11:     layout_roguey
D:12:     layout_rooms, minmay_statue_crystal_thing
D:13:     layout_rooms, dreamdust_wishing_well, uniq_rupert
D:14:     layout_small_grid, erik_vaults_1, serial_shops, shop_fountains,
          serial_ice, serial_ice_j, serial_ice_a, serial_ice_m, serial_ice_f,
          serial_ice_g, nrook_uturn
Temple:   regret_index_temple_waves

Skill      XL: |  1  2  3  4  5  6  7  8  9 10 11 12 13 |
---------------+----------------------------------------+-----
Dodging        | 2 3 4 5 7 8 9 |  9.6
Armour         | 3 4 5 6 7 9 10 11 12 | 12.3
Fighting       | 4 5 7 8 9 11 12 | 12.6
Maces & Flails | 4 5 6 7 8 10 11 | 11.6

Action                   |  1- 3 |  4- 6 |  7- 9 | 10-12 | 13-15 || total
-------------------------+-------+-------+-------+-------+-------++-------
Melee: Mace              |    64 |    98 |       |       |       ||   162
       Flail             |       |    52 |       |       |       ||    52
       Punch             |       |     3 |       |       |       ||     3
       Dire flail        |       |       |   305 |   467 |       ||   772
       Great mace        |       |       |       |   119 |    61 ||   180
Throw: Throwing net      |       |     1 |       |     4 |       ||     5
Invok: Berserk           |     3 |     3 |     3 |    10 |     1 ||    20
       Trog's Hand       |       |     1 |     2 |     2 |       ||     5
       Brothers in Arms  |       |       |       |     1 |       ||     1
Evoke: Wand              |       |     3 |       |     1 |       ||     4
  Use: Potion            |       |     3 |       |     6 |       ||     9
       Scroll            |       |       |     3 |    13 |     2 ||    18
 Stab: Held in net/web   |       |     1 |       |       |       ||     1
Armor: Animal skin       |    31 |     9 |       |       |       ||    40
       Scale mail        |       |   115 |   122 |   281 |    58 ||   576
       Acid dragon scale |       |       |    24 |    89 |       ||   113
Dodge: Dodged            |    46 |   109 |   230 |   629 |    78 ||  1092

Table legend: (Time is in decaauts)
 A = Elapsed time spent in this place.
 B = Non-inter-level travel time spent in this place.
 C = Inter-level travel time spent in this place.
 D = Time resting spent in this place.
 E = Time spent auto-exploring this place.
 F = Levels seen in this place.
 G = Mean time per level.
                   A        B        C        D        E       F      G
               +--------+--------+--------+--------+--------+-----+--------+
         Total |  12631 |  12136 |    495 |   1089 |   8432 |  17 |  743.0 |
       Dungeon |  11752 |  11271 |    481 |   1005 |   7892 |  14 |  839.4 |
        Temple |    107 |     93 |     14 |      0 |     82 |   1 |  107.0 |
       Ossuary |    410 |    410 |      0 |      0 |    329 |   1 |  410.0 |
        Bailey |    360 |    360 |      0 |     84 |    128 |   1 |  360.0 |
               +--------+--------+--------+--------+--------+-----+--------+

Top non-repeatable levels by time:
     D:5: 1277 daAuts
     D:9: 1121 daAuts
     D:3: 1065 daAuts
     D:6: 975 daAuts
    D:10: 911 daAuts
     D:7: 906 daAuts
     D:2: 905 daAuts
     D:4: 852 daAuts
    D:12: 773 daAuts
     D:8: 749 daAuts
     D:1: 745 daAuts
    D:11: 650 daAuts
    D:13: 617 daAuts
 Ossuary: 410 daAuts
  Bailey: 360 daAuts
